AoeStats
← LA PRESION II

Golden Pit

510235624Analyzed
1v1 RM · 23h ago on Sep 30, 2026· 68m 25s· 2 players
Game mode
Random Map
Map size
Tiny (2 player)
Population
200
Speed
Normal
Resources
Standard
Victory
Conquest
Starting age
Dark Age
Ending age
Imperial Age
RankedLock teamsTeams togetherTeam positionsShared explorationLock speedFull tech treeHidden civsTurbo modeCheats
Victory
Defeat
🇧🇷 Poles · Brazil
841
+17
🇨🇱 Bohemians · Chile
861
-17
iSorry
9:38 Feudal Age
13:05 Loom
17:31 Double-Bit Axe
18:26 Forging
20:49 Scale Barding Armor
21:49 Bloodlines
23:58 Gold Mining
25:00 Padded Archer Armor
31:17 Castle Age
34:29 Iron Casting
34:11 Leather Archer Armor
34:55 Fletching
35:28 Chain Barding Armor
35:56 Elite Skirmisher
38:22 Bodkin Arrow
41:56 Town Watch
42:47 Wheelbarrow
42:22 Husbandry
42:47 Szlachta Privileges
44:01 Bow Saw
44:49 Scale Mail Armor
44:37 Horse Collar
47:24 Town Patrol
55:06 Gold Mining
55:47 Hand Cart
55:21 Pikeman
58:16 Heavy Plow
58:58 Squires
59:21 Stone Mining
67:39 Imperial Age
66:14 Chain Mail Armor
67:42 Cavalier
67:45 Light Cavalry
67:48 Capped Ram
68:00 Spies/Treason
69:23 Lechitic Legacy
LA PRESION II
0:46 Loom
11:00 Feudal Age
11:16 Man-at-Arms
15:05 Wheelbarrow
15:21 Padded Archer Armor
17:09 Fletching
22:35 Double-Bit Axe
29:31 Castle Age
29:17 Scale Mail Armor
29:28 Forging
30:28 Crossbowman
30:37 Pikeman
31:17 Squires
31:56 Squires
32:57 Long Swordsman
45:37 Hand Cart
50:07 Husbandry
Connection lost

Rejoining the realm…

Still unreachable

The connection could not be restored.

Session expired

The server has moved on; the page needs a fresh start.